 Dungeon Crawl Stone Soup version 0.31-a0-455-g1a7b003ef0 (webtiles) character file.

Game seed: 10974371920460643415

156 drugrobin the Chopper (level 4, -1/37 HPs)
             Began as a Demigod Delver on Aug 4, 2023.
             Succumbed to Blork the orc's poison
             ... on level 4 of the Dungeon.
             The game lasted 00:08:47 (2781 turns).

drugrobin the Chopper (Demigod Delver)              Turns: 2781, Time: 00:08:47

Health: -1/37      AC: 12    Str: 17    XL:     4   Next: 91%
Magic:  6/6        EV:  8    Int: 12    God:
Gold:   887        SH:  0    Dex: 15    Spells: 3/3 levels left

rFire   . . .        a - +1 hand axe
rCold   + . .        (no shield)
rNeg    . . .        d - +3 chain mail {rC+}
rPois   .            k - +0 helmet
rElec   .            q - scarf {repulsion}
rCorr   .            (no gloves)
SInv    .            (no boots)
Will    .....        (no amulet) Stlth
                     (no ring)
HPRegen 0.26/turn    (no ring)
MPRegen 0.10/turn

%: repel missiles
@: brilliant, lethally poisoned (-1 -> -16)
A: high MP 1, forlorn, divine attributes
a: no special abilities


You were on level 4 of the Dungeon.
You visited 1 branch of the dungeon, and saw 5 of its levels.

You collected 1152 gold pieces.
You spent 265 gold pieces at shops.

Inventory:

Hand Weapons
 a - a +1 hand axe (weapon)
 b - a +3 dagger
Armour
 d - a +3 chain mail of cold resistance (worn)
 k - a +0 helmet (worn)
 q - a scarf of repulsion (worn)
Jewellery
 t - a ring of positive energy
Wands
 g - a wand of digging (3)
Scrolls
 c - a scroll of fog
 m - 3 scrolls of teleportation
Potions
 f - 2 potions of haste
 h - 4 potions of curing
 i - a potion of brilliance
 j - a potion of magic {unknown}
 n - a potion of invisibility {unknown}
 o - 6 potions of heal wounds {unknown}
 u - a potion of degeneration {unknown}


   Skills:
 - Level 2.6 Fighting
 + Level 4.9 Axes
 - Level 1.7 Dodging
 - Level 4.5 Stealth


You had 3 spell levels left.
You didn't know any spells.
Your spell library contained the following spells:

 Spells                   Type           Power      Damage    Failure   Level
 Freeze                   Ice            0%         1d3       99%         1
 Frozen Ramparts          Ice            0%         1d1       100%        3
 Hailstorm                Conj/Ice       0%         3d3       100%        3
 Stone Arrow              Conj/Erth      0%         3d7       100%        3
 Animate Armour           Summ/Erth      0%         N/A       100%        4
 Olgreb's Toxic Radiance  Pois           0%         N/A       100%        4
 Arcjolt                  Conj/Air       0%         1d10      100%        5
 Iskenderun's Battlesphe  Conj           0%         2d6       100%        5
 Lehudib's Crystal Spear  Conj/Erth      0%         10d2      100%        8


Dungeon Overview and Level Annotations

Branches:
Dungeon (5/15)             Temple (0/1) D:5

Shops:
D:2 [   D:5 :

Annotations:
D:2 Jessica
D:3 3 runed translucent doors, Hubris850's ghost, amateur HOFi; Sigmund
D:4 Blork the orc
D:5 exclusions: jelly and phantom, Menkaure


Innate Abilities, Weirdness & Mutations

You have an increased reservoir of magic. (+10% MP)
You shall have no god before yourself.
Your divine heritage dramatically boosts your attributes as you level up.


Message History

Blork the orc is lightly wounded.
Blork the orc closely misses you.
You hit Blork the orc.
Blork the orc is lightly wounded.
Blork the orc hits you with a +0 war axe of venom.
You are poisoned.
You hit Blork the orc.
Blork the orc is moderately wounded.
You feel sick.
Blork the orc screams, "I'll drink your blood!
Soon!"
Blork the orc hits you but does no damage.
Unknown command.
You slash Blork the orc!
Blork the orc is heavily wounded.
You feel sick.
Blork the orc screams, "I'll cover the dungeon with your blood!"
Blork the orc hits you with a +0 war axe of venom.
You are more poisoned.
You barely miss Blork the orc.
Blork the orc is heavily wounded.
You feel very sick.
Blork the orc hits you with a +0 war axe of venom!
You are lethally poisoned!
You feel better.
Blork the orc gestures at you while chanting.
The puff of flame hits you!
Unknown command.
Unknown command.
Okay, then.
Okay, then.
It was a potion of brilliance.
You feel clever all of a sudden.
Blork the orc hits you with a +0 war axe of venom!
* * * LOW HITPOINT WARNING * * *
You are lethally poisoned!
Unknown command.
Unknown command.
As you read the scroll of fear, it crumbles to dust.
You assume a fearsome visage.
Blork the orc looks frightened!
You die...

#.<†⌠.<.# ###
##.(.....##### #..
#....#....#..#
#..##...###...##.#
#..#....# #....#.#
#..'.⌠.## ##.⌠...#
+..#...# #...###
#..##.### ##.##
#....@..# #..#
##..)o.........
#.............
#............
#...........
#...........
#...........
#####+#.....


You could see Blork the orc (fleeing).

Vanquished Creatures
  A hound (D:4)
  Robin (D:2)
  3 adders
  2 worms (D:2)
  2 dart slugs
  7 endoplasms
  2 giant cockroaches (D:1)
  18 goblins
  5 hobgoblins
  3 jackals (D:2)
  7 quokkas
  6 ball pythons
  3 bats
  4 frilled lizards
  4 kobolds
  3 rats
71 creatures vanquished.

Notes
Turn   | Place    | Note
-------+----------+-------------------------------------------
     0 | D:5      | drugrobin the Demigod Delver began the quest for the Orb.
     0 | D:5      | Reached XP level 1. HP: 18/18 MP: 3/3
    19 | D:5      | Found a staircase to the Ecumenical Temple.
    23 | D:5      | Noticed an iguana
    72 | D:5      | Noticed a phantom
    93 | D:5      | Found Munt's Book Shoppe.
    98 | D:5      | Noticed a jelly
   178 | D:5      | Noticed a jelly
   196 | D:5      | Noticed an iguana
   203 | D:5      | Noticed Menkaure
   205 | D:5      | Noticed an orc wizard
   205 | D:5      | Noticed an orc wizard
   206 | D:5      | Noticed an orc priest
   370 | D:2      | Noticed Robin
   377 | D:2      | Found Roqoll's Armour Boutique.
   399 | D:2      | Reached XP level 2. HP: 25/25 MP: 4/4
   422 | D:2      | Killed Robin
   580 | D:1      | Reached XP level 3. HP: 26/30 MP: 5/5
  1607 | D:2      | Reached XP level 4. HP: 37/37 MP: 6/6
  1719 | D:2      | Noticed Jessica
  1733 | D:2      | Identified a scroll of acquirement
  1733 | D:2      | Acquired 955 gold pieces
  1817 | D:2      | Bought a +3 chain mail of cold resistance for 265 gold
                  | pieces
  2504 | D:3      | Found a runed translucent gate.
  2505 | D:3      | Found a runed translucent gate.
  2506 | D:3      | Found a runed translucent gate.
  2562 | D:3      | Noticed Hubris850's ghost (amateur HOFi)
  2597 | D:3      | Got Xiretuit's Textbook on Vitiation and Force
  2605 | D:3      | Noticed Sigmund
  2768 | D:4      | Noticed Blork the orc
  2781 | D:4      | Succumbed to Blork the orc's poison

Illustrated notes

Levels and vault maps discovered:
D:1:      dpeg_arrival_shelter, layout_basic, minmay_split_cup_small
D:2:      layout_basic, serial_shops, shop, uniq_robin, uniq_jessica
D:3:      layout_loops_corners, gammafunk_ghost_icy, uniq_sigmund
D:4:      layout_gridville, grunt_ministairs_13, minmay_ogre_servants,
          uniq_blork_the_orc
D:5:      layout_loops_ring, kennysheep_mini, lightli_temple_of_fire,
          xom_teletrap_fun, minmay_temple_entry_grid, serial_shops,
          nicolae_shop_crystal, dreamdust_wishing_well, uniq_menkaure

Skill      XL: |  1  2  3 |
---------------+----------+-----
Axes           | 2 3 4 |  4.9
Fighting       | |  2.6
Dodging        | |  1.7
Stealth        | |  4.5

Action                     |  1- 3 |  4- 6 || total
---------------------------+-------+-------++-------
  Melee: Dagger            |    90 |       ||    90
         Hand axe          |    37 |    76 ||   113
    Use: Scroll            |     1 |     7 ||     8
         Potion            |     1 |     2 ||     3
   Stab: Sleeping          |     9 |       ||     9
 Armour: Leather armour    |    29 |       ||    29
         Scale mail        |     6 |     4 ||    10
         Chain mail        |       |    47 ||    47
  Dodge: Dodged            |    79 |    46 ||   125

Table legend: (Time is in decaauts)
 A = Elapsed time spent in this place.
 B = Non-inter-level travel time spent in this place.
 C = Inter-level travel time spent in this place.
 D = Time resting spent in this place.
 E = Time spent auto-exploring this place.
 F = Levels seen in this place.
 G = Mean time per level.
                   A        B        C        D        E       F      G
               +--------+--------+--------+--------+--------+-----+--------+
         Total |   2772 |   2640 |    132 |    109 |   1660 |   5 |  554.4 |
       Dungeon |   2772 |   2640 |    132 |    109 |   1660 |   5 |  554.4 |
               +--------+--------+--------+--------+--------+-----+--------+

Top non-repeatable levels by time:
     D:1: 914 daAuts
     D:2: 913 daAuts
     D:3: 516 daAuts
     D:5: 247 daAuts
     D:4: 179 daAuts
